TOP OF THE 1ST |
Nebraska Cornhuskers batting - Pitching for Villanova Wildcats : RHP Luis Castillo
|
Pitching: RHP Luis Castillo
|
|
Batting: RHB Júlio Franco
|
0-0: Foul Ball, location: 2F 0-1: Foul Ball, location: 2F 0-2: Ball 1-2: Strikes out swinging
|
Batting: SHB Pete Albert
|
0-0: Foul Ball, location: 2F 0-1: Foul Ball, location: 2F 0-2: Ball 1-2: Foul Ball, location: 2F 1-2: Ball 2-2: Ball 3-2: Strikes out looking
|
Batting: LHB José Pérez
|
0-0: Called Strike 0-1: Ball 1-1: DOUBLE (Line Drive, 7LM)
|
Batting: LHB Phil Krieger
|
0-0: Foul Ball, location: 2F 0-1: Ball 1-1: Foul Ball, location: 2F 1-2: Strikes out swinging
|
Top of the 1st over - 0 run(s), 1 hit(s), 0 error(s), 1 left on base; Nebraska 0 - Villanova 0 |
BOTTOM OF THE 1ST |
Villanova Wildcats batting - Pitching for Nebraska Cornhuskers : RHP Jim Dailey
|
Pitching: RHP Jim Dailey
|
|
Batting: RHB Juan Romero
|
0-0: Called Strike 0-1: Foul Ball, location: 2F 0-2: Strikes out looking
|
Batting: SHB Will Combs
|
0-0: Called Strike 0-1: Ball 1-1: SINGLE (Groundball, 56D)
|
Batting: RHB Robbie Anderson
|
0-0: Foul Ball, location: 2F 0-1: Ball 1-1: Ball 2-1: Fielders Choice at 2nd, 1-6 (Groundball, 13S)
|
Batting: RHB Steve Smith
|
0-0: Called Strike 0-1: Swinging Strike 0-2: Ball 1-2: Ball 2-2: Strikes out looking
|
Bottom of the 1st over - 0 run(s), 1 hit(s), 0 error(s), 1 left on base; Nebraska 0 - Villanova 0 |
TOP OF THE 2ND |
Nebraska Cornhuskers batting - Pitching for Villanova Wildcats : RHP Luis Castillo
|
Batting: RHB Michael Reed
|
0-0: Foul Ball, location: 2F 0-1: Ball 1-1: Ground out 6-3 (Groundball, 6)
|
Batting: LHB Darrell Beard
|
0-0: Ball 1-0: Ball 2-0: Called Strike 2-1: Ball 3-1: Foul Ball, location: 2F 3-2: Strikes out swinging
|
Batting: RHB António Rodríguez
|
0-0: Swinging Strike 0-1: Swinging Strike 0-2: Strikes out swinging
|
Top of the 2nd over - 0 run(s), 0 hit(s), 0 error(s), 0 left on base; Nebraska 0 - Villanova 0 |
BOTTOM OF THE 2ND |
Villanova Wildcats batting - Pitching for Nebraska Cornhuskers : RHP Jim Dailey
|
Batting: RHB Michael Boulanger
|
0-0: Ball 1-0: Swinging Strike 1-1: Foul Ball, location: 2F 1-2: Ball 2-2: Ground out 5-3 (Groundball, 56S)
|
Batting: RHB Martín Flores
|
0-0: Swinging Strike 0-1: Ground out 6-3 (Groundball, 6)
|
Batting: RHB Heath Hall
|
0-0: Called Strike 0-1: Called Strike 0-2: Ball 1-2: Ball 2-2: Ball 3-2: Fly out, F8 (Flyball, 8LM)
|
Bottom of the 2nd over - 0 run(s), 0 hit(s), 0 error(s), 0 left on base; Nebraska 0 - Villanova 0 |
TOP OF THE 3RD |
Nebraska Cornhuskers batting - Pitching for Villanova Wildcats : RHP Luis Castillo
|
Batting: RHB Jeffery Taylor
|
0-0: Ball 1-0: Ball 2-0: Called Strike 2-1: Ball 3-1: Base on Balls
|
Batting: SHB Carl Rivers
|
0-0: Called Strike 0-1: Fielders Choice at 2nd, 4-6 (Groundball, 34)
|
Batting: RHB Júlio Franco
|
0-0: Ball 1-0: Called Strike 1-1: Ball 2-1: Foul Ball, location: 2F 2-2: Strikes out swinging
|
Batting: SHB Pete Albert
|
0-0: Ball 1-0: Ball 2-0: SINGLE (Groundball, 56D) Carl Rivers to second
|
Pitching: RHP Everett Cunningham
|
|
Batting: LHB José Pérez
|
0-0: Ball 1-0: Foul Ball, location: 2F 1-1: Called Strike 1-2: SINGLE (Flyball, 8RS) Carl Rivers to third Pete Albert to second Runner from 3rd tries for Home, SAFE, throw made at trailing runner, SAFE at third!
|
Batting: LHB Phil Krieger
|
0-0: Ball 1-0: Called Strike 1-1: Swinging Strike 1-2: Ball 2-2: Foul Ball, location: 2F 2-2: Strikes out swinging
|
Top of the 3rd over - 1 run(s), 2 hit(s), 0 error(s), 2 left on base; Nebraska 1 - Villanova 0 |
BOTTOM OF THE 3RD |
Villanova Wildcats batting - Pitching for Nebraska Cornhuskers : RHP Jim Dailey
|
Batting: RHB Jason Smith
|
0-0: Ball 1-0: Ball 2-0: Called Strike 2-1: Ball 3-1: Base on Balls
|
Batting: RHB Reynaldo Gómez
|
0-0: Fly out, F7 (Flyball, 7)
|
Batting: RHB Juan Romero
|
0-0: Ball Pickoff Throw to First - Error! E1 Jason Smith to second 1-0: Ball 2-0: Swinging Strike 2-1: Ball 3-1: Swinging Strike 3-2: Foul Ball, location: 2F 3-2: Foul Ball, location: 2F 3-2: Foul Ball, location: 2F 3-2: Base on Balls
|
Batting: SHB Will Combs
|
0-0: Called Strike 0-1: Hit by Pitch Jason Smith to third Juan Romero to second
|
Batting: RHB Robbie Anderson
|
0-0: Called Strike 0-1: Swinging Strike 0-2: Foul Ball, location: 2F 0-2: Strikes out looking
|
Batting: RHB Steve Smith
|
0-0: SINGLE (Groundball, 6MD) Jason Smith scores Juan Romero to third Will Combs to second Runner from 3rd tries for Home, SAFE, no throw
|
Batting: RHB Michael Boulanger
|
0-0: Called Strike 0-1: Fly out, F9 (Flyball, 9)
|
Bottom of the 3rd over - 2 run(s), 1 hit(s), 1 error(s), 2 left on base; Nebraska 1 - Villanova 2 |
TOP OF THE 4TH |
Nebraska Cornhuskers batting - Pitching for Villanova Wildcats : RHP Everett Cunningham
|
Batting: RHB Michael Reed
|
0-0: Ball 1-0: Ball 2-0: Called Strike 2-1: Ball 3-1: DOUBLE (Line Drive, 7LM)
|
Batting: LHB Darrell Beard
|
0-0: Ball 1-0: Ball 2-0: Ball 3-0: Called Strike 3-1: Base on Balls
|
Batting: RHB António Rodríguez
|
0-0: Swinging Strike 0-1: Swinging Strike 0-2: Ball 1-2: Foul Ball, location: 2F 1-2: Ball 2-2: Ball 3-2: Foul Ball, location: 2F 3-2: Strikes out looking
|
Batting: RHB Jeffery Taylor
|
0-0: Called Strike 0-1: Ball 1-1: 3-RUN HOME RUN (Flyball, 8RXD), Distance : 394 ft
|
Batting: SHB Carl Rivers
|
0-0: Fly out, F4 (Line Drive, 4)
|
Batting: RHB Júlio Franco
|
0-0: Ball 1-0: Foul Ball, location: 2F 1-1: Swinging Strike 1-2: SINGLE (Groundball, 34D)
|
Batting: SHB Pete Albert
|
0-0: Ball Júlio Franco is caught stealing 2nd base
|
Top of the 4th over - 3 run(s), 3 hit(s), 0 error(s), 0 left on base; Nebraska 4 - Villanova 2 |
BOTTOM OF THE 4TH |
Villanova Wildcats batting - Pitching for Nebraska Cornhuskers : RHP Jim Dailey
|
Batting: RHB Martín Flores
|
0-0: Ball 1-0: Foul Ball, location: 2F 1-1: Foul Ball, location: 2F 1-2: SINGLE (Line Drive, 78S)
|
Batting: RHB Heath Hall
|
0-0: SINGLE (Line Drive, 7S) Martín Flores to second
|
Batting: RHB Jason Smith
|
0-0: Called Strike 0-1: Foul Ball, location: 2F 0-2: Ball 1-2: Ball 2-2: Foul Ball, location: 2F 2-2: Ball 3-2: Fly out, F8 (Flyball, 8LM)
|
Batting: RHB Reynaldo Gómez
|
0-0: Foul Ball, location: 2F 0-1: Fly out, F7 (Flyball, 78M)
|
Batting: RHB Juan Romero
|
0-0: Swinging Strike 0-1: Ball 1-1: Ball 2-1: Ball 3-1: Foul Ball, location: 2F 3-2: Fly out, F4 (Popup, 4D)
|
Bottom of the 4th over - 0 run(s), 2 hit(s), 0 error(s), 2 left on base; Nebraska 4 - Villanova 2 |
TOP OF THE 5TH |
Nebraska Cornhuskers batting - Pitching for Villanova Wildcats : RHP Everett Cunningham
|
Batting: SHB Pete Albert
|
0-0: Ball 1-0: Ball 2-0: Fly out, F4 (Popup, 4)
|
Batting: LHB José Pérez
|
0-0: Ball 1-0: Called Strike 1-1: Foul Ball, location: 2F 1-2: Strikes out swinging
|
Batting: LHB Phil Krieger
|
0-0: Ground out 3-1 (Groundball, 34)
|
Top of the 5th over - 0 run(s), 0 hit(s), 0 error(s), 0 left on base; Nebraska 4 - Villanova 2 |
BOTTOM OF THE 5TH |
Villanova Wildcats batting - Pitching for Nebraska Cornhuskers : RHP Jim Dailey
|
Batting: SHB Will Combs
|
0-0: Ball 1-0: Foul Ball, location: 2F 1-1: Ball 2-1: Swinging Strike 2-2: Ground out 1-3 (Groundball, P)
|
Batting: RHB Robbie Anderson
|
0-0: Ball 1-0: Swinging Strike 1-1: Fly out, F9 (Line Drive, 9)
|
Batting: RHB Steve Smith
|
0-0: SINGLE (Line Drive, 56D)
|
Pitching: RHP Brian Walker
|
|
Batting: RHB Michael Boulanger
|
0-0: Swinging Strike 0-1: Ball 1-1: Foul Ball, location: 2F 1-2: Strikes out swinging
|
Bottom of the 5th over - 0 run(s), 1 hit(s), 0 error(s), 1 left on base; Nebraska 4 - Villanova 2 |
TOP OF THE 6TH |
Nebraska Cornhuskers batting - Pitching for Villanova Wildcats : RHP Everett Cunningham
|
Pitching: LHP Tom Simms
|
|
Batting: RHB Michael Reed
|
0-0: Called Strike 0-1: Foul Ball, location: 2F 0-2: Ground out 6-3 (Groundball, 56)
|
Batting: LHB Darrell Beard
|
0-0: Called Strike 0-1: Ball 1-1: Swinging Strike 1-2: Ball 2-2: Foul Ball, location: 2F 2-2: Strikes out swinging
|
Batting: RHB António Rodríguez
|
0-0: Ball 1-0: Foul Ball, location: 2F 1-1: Ball 2-1: Ball 3-1: Base on Balls
|
Batting: RHB Jeffery Taylor
|
0-0: Ball 1-0: Called Strike 1-1: Called Strike 1-2: Ball 2-2: Ball 3-2: Foul Ball, location: 2F 3-2: Base on Balls António Rodríguez to second
|
Batting: SHB Carl Rivers
|
0-0: Called Strike 0-1: Fly out, F8 (Line Drive, 8LM)
|
Top of the 6th over - 0 run(s), 0 hit(s), 0 error(s), 2 left on base; Nebraska 4 - Villanova 2 |
BOTTOM OF THE 6TH |
Villanova Wildcats batting - Pitching for Nebraska Cornhuskers : RHP Brian Walker
|
Batting: RHB Martín Flores
|
0-0: Ball 1-0: Ball 2-0: Called Strike 2-1: Called Strike 2-2: Ball 3-2: Strikes out looking
|
Batting: RHB Heath Hall
|
0-0: Called Strike 0-1: Ball 1-1: Foul Ball, location: 2F 1-2: Foul Ball, location: 2F 1-2: Ball 2-2: Strikes out looking
|
Batting: RHB Jason Smith
|
0-0: Called Strike 0-1: Swinging Strike 0-2: Ball 1-2: Ball 2-2: Ground out U3 (Groundball, 34)
|
Bottom of the 6th over - 0 run(s), 0 hit(s), 0 error(s), 0 left on base; Nebraska 4 - Villanova 2 |
TOP OF THE 7TH |
Nebraska Cornhuskers batting - Pitching for Villanova Wildcats : LHP Tom Simms
|
Batting: RHB Júlio Franco
|
0-0: Ball 1-0: Called Strike 1-1: Swinging Strike 1-2: Ball 2-2: Foul Ball, location: 2F 2-2: Ball 3-2: Strikes out swinging
|
Batting: SHB Pete Albert
|
0-0: Ball 1-0: Fly out, F3 (Flyball, 34D)
|
Batting: LHB José Pérez
|
0-0: Foul Ball, location: 2F 0-1: Foul Ball, location: 2F 0-2: Fly out, F7 (Flyball, 7S)
|
Top of the 7th over - 0 run(s), 0 hit(s), 0 error(s), 0 left on base; Nebraska 4 - Villanova 2 |
BOTTOM OF THE 7TH |
Villanova Wildcats batting - Pitching for Nebraska Cornhuskers : RHP Brian Walker
|
Batting: RHB Reynaldo Gómez
|
0-0: Called Strike 0-1: Ball 1-1: Fly out, F9 (Flyball, 9LM)
|
Batting: RHB Juan Romero
|
0-0: Ball 1-0: Fly out, F4 (Popup, 4MS)
|
Batting: SHB Will Combs
|
0-0: Ball 1-0: Ground out 4-3 (Groundball, 4)
|
Bottom of the 7th over - 0 run(s), 0 hit(s), 0 error(s), 0 left on base; Nebraska 4 - Villanova 2 |
TOP OF THE 8TH |
Nebraska Cornhuskers batting - Pitching for Villanova Wildcats : LHP Tom Simms
|
Batting: LHB Phil Krieger
|
0-0: Ball 1-0: Foul Ball, location: 2F 1-1: Called Strike 1-2: Ball 2-2: Foul Ball, location: 2F 2-2: Foul Ball, location: 2F 2-2: Foul Ball, location: 2F 2-2: Foul Ball, location: 2F 2-2: Ball 3-2: Foul Ball, location: 2F 3-2: Foul Ball, location: 2F 3-2: Base on Balls
|
Batting: RHB Michael Reed
|
0-0: Ball 1-0: Ball 2-0: Ball 3-0: Called Strike 3-1: Base on Balls Phil Krieger to second
|
Pitching: RHP Felipe Pacheco
|
|
Batting: LHB Darrell Beard
|
0-0: Sac Bunt - play at third, runner OUT! 1-5 Michael Reed to second
|
Batting: RHB António Rodríguez
|
0-0: Ball 1-0: Called Strike 1-1: Foul Ball, location: 2F 1-2: Ball 2-2: Foul Ball, location: 2F 2-2: Strikes out swinging
|
Batting: RHB Jeffery Taylor
|
0-0: Called Strike 0-1: Ball 1-1: Swinging Strike 1-2: SINGLE (Groundball, 3D) Michael Reed to third Darrell Beard to second Runner from 3rd tries for Home, SAFE, no throw
|
Batting: SHB Carl Rivers
|
0-0: Ball 1-0: Fly out, F7 (Flyball, 7S)
|
Top of the 8th over - 1 run(s), 1 hit(s), 0 error(s), 2 left on base; Nebraska 5 - Villanova 2 |
BOTTOM OF THE 8TH |
Villanova Wildcats batting - Pitching for Nebraska Cornhuskers : RHP Brian Walker
|
Batting: RHB Robbie Anderson
|
0-0: Swinging Strike 0-1: Ball 1-1: Foul Ball, location: 2F 1-2: Foul Ball, location: 2F 1-2: Foul Ball, location: 2F 1-2: Ball 2-2: Ball 3-2: Strikes out swinging
|
Batting: RHB Steve Smith
|
0-0: Ball 1-0: Ball 2-0: Foul Ball, location: 2F 2-1: Ball 3-1: Foul Ball, location: 2F 3-2: Base on Balls
|
Batting: RHB Michael Boulanger
|
0-0: Foul Ball, location: 2F 0-1: Ball 1-1: Ball 2-1: SINGLE (Line Drive, 9S) Steve Smith to second
|
Batting: RHB Martín Flores
|
0-0: Ball 1-0: Ball 2-0: Foul Ball, location: 2F 2-1: Foul Ball, location: 2F 2-2: Foul Ball, location: 2F 2-2: Ball 3-2: Strikes out looking
|
Batting: RHB Heath Hall
|
0-0: Called Strike 0-1: Foul Ball, location: 2F 0-2: Foul Ball, location: 2F 0-2: Strikes out swinging
|
Bottom of the 8th over - 0 run(s), 1 hit(s), 0 error(s), 2 left on base; Nebraska 5 - Villanova 2 |
TOP OF THE 9TH |
Nebraska Cornhuskers batting - Pitching for Villanova Wildcats : RHP Felipe Pacheco
|
Batting: RHB Júlio Franco
|
0-0: Swinging Strike 0-1: Called Strike 0-2: Fly out, F8 (Flyball, 8RD)
|
Batting: SHB Pete Albert
|
0-0: Foul Ball, location: 2F 0-1: SOLO HOME RUN (Flyball, 8LXD), Distance : 404 ft
|
Batting: LHB José Pérez
|
0-0: Called Strike 0-1: Called Strike 0-2: Ball 1-2: Ball 2-2: Ground out U3 (Groundball, 34)
|
Batting: LHB Phil Krieger
|
0-0: Ball 1-0: Ball 2-0: Called Strike 2-1: Swinging Strike 2-2: Foul Ball, location: 2F 2-2: Foul Ball, location: 2F 2-2: Ball 3-2: Strikes out looking
|
Top of the 9th over - 1 run(s), 1 hit(s), 0 error(s), 0 left on base; Nebraska 6 - Villanova 2 |
BOTTOM OF THE 9TH |
Villanova Wildcats batting - Pitching for Nebraska Cornhuskers : RHP Brian Walker
|
Pitching: RHP Bill Morrow
|
|
Batting: RHB Jason Smith
|
0-0: Fly out, F7 (Flyball, 7S)
|
Batting: RHB Reynaldo Gómez
|
0-0: Called Strike 0-1: Ball 1-1: Ground out 4-3 (Groundball, 4)
|
Batting: RHB Juan Romero
|
0-0: Called Strike 0-1: Ball 1-1: Ball 2-1: SINGLE (Groundball, 56D)
|
Batting: SHB Will Combs
|
0-0: Called Strike 0-1: Ball 1-1: Ball 2-1: Foul Ball, location: 2F 2-2: Ball 3-2: Base on Balls Juan Romero to second
|
Pitching: RHP José Carmona
|
|
Batting: RHB Robbie Anderson
|
0-0: Called Strike 0-1: Fly out, F8 (Flyball, 8RS)
|
Bottom of the 9th over - 0 run(s), 1 hit(s), 0 error(s), 2 left on base; Nebraska 6 - Villanova 2 |
|